 Dungeon Crawl Stone Soup version 0.21-a0-442-g848f44b (webtiles) character file.

27243 4thArraOfDagon the Scorcher (level 13, 0/63 HPs)
             Began as a Deep Elf Fire Elementalist on Nov 14, 2017.
             Was a High Priest of Vehumet.
             Slain by a hell hound (2 damage)
             ... led by Azrael
             ... on level 13 of the Dungeon.
             The game lasted 00:46:17 (6655 turns).

4thArraOfDagon the Scorcher (DEFE)                  Turns: 6655, Time: 00:46:17

Health: 0/63       AC:  9    Str:  8 (9)  XL:     13   Next: 3%
Magic:  26/32      EV: 14    Int: 31      God:    Vehumet [*****.]
Gold:   627        SH:  0    Dex: 21      Spells: 25/38 levels left

rFire    . . .     SeeInvis .   O - +2 hand axe of World's End {pain, *Contam rN++ Str+2 Stlth+}
rCold    + . .     Gourm    .   (no shield)
rNeg     + + .     Faith    .   I - +0 troll leather armour
rPois    .         Spirit   .   o - +2 helmet {Int+3}
rElec    .         Reflect  .   (no cloak)
rCorr    .         Harm     .   P - +1 pair of gloves
MR       ++...                  (no boots)
Stlth    +++.......             (no amulet)
HPRegen  0.60/turn              e - ring of wizardry
MPRegen  0.23/turn              D - ring "Zajayf" {rC+ MR+ Dex+4}

@: about to teleport
A: claws 1, repulsion field 1, agile 1, clever 1, deterioration 1, strong 1,
wild magic 1
a: Renounce Religion


You were on level 13 of the Dungeon.
You worshipped Vehumet.
Vehumet was extremely pleased with you.
You were not hungry.

You visited 1 branch of the dungeon, and saw 15 of its levels.

You collected 627 gold pieces.

Inventory:

Hand Weapons
 h - a +0 dagger of speed
 m - a +0 rapier
 r - a +0 trident
 B - a +1 battleaxe of freezing
 O - the +2 hand axe of World's End (weapon) {pain, *Contam rN++ Str+2 Stlth+}
   (You found it on level 15 of the Dungeon)

   In the hands of one skilled in necromantic magic, it inflicts extra damage on
   living creatures.
   It affects your strength (+2).
   It greatly protects you from negative energy.
   It causes magical contamination when unequipped.
   It makes you more stealthy.
Missiles
 p - an arrow
Armour
 a - a +0 robe
 o - a +2 helmet of intelligence (worn)
 t - a +0 ring mail
 x - a +0 pair of gloves
 G - a +1 robe of the Archmagi
 I - a +0 troll leather armour (worn)
 P - a +1 pair of gloves (worn)
Jewellery
 e - a ring of wizardry (left hand)
 y - an uncursed ring of positive energy
 D - the ring "Zajayf" (right hand) {rC+ MR+ Dex+4}
   (You found it on level 9 of the Dungeon)

   [ring of dexterity]

   It affects your dexterity (+4).
   It protects you from cold.
   It affects your resistance to hostile enchantments.
Wands
 l - a wand of digging (15/24)
 s - a wand of iceblast (7/15)
 A - a wand of paralysis (12/24)
 E - a wand of enslavement (7/24)
 F - a wand of polymorph (0/24)
 M - a wand of confusion (16/48)
Scrolls
 g - 2 scrolls of enchant armour
 i - 4 scrolls of teleportation
 v - 3 scrolls of recharging
 w - 3 scrolls of remove curse
 z - 2 scrolls of magic mapping
 K - a scroll of immolation
Potions
 f - 3 potions of brilliance
 j - 3 potions of curing
 n - a potion of might {unknown}
 q - 2 potions of heal wounds
 H - a potion of agility {unknown}
 N - a potion of lignification
 Q - a potion of ambrosia {unknown}
Books
 b - a book of Flames

   Spells                             Type                      Level
   a - Flame Tongue                   Conjuration/Fire             1
   b - Throw Flame                    Conjuration/Fire             2
   c - Conjure Flame                  Conjuration/Fire             3
   d - Inner Flame                    Hexes/Fire                   3
   e - Sticky Flame                   Conjuration/Fire             4
   f - Fireball                       Conjuration/Fire             5
 C - a book of Transfigurations

   Spells                             Type                      Level
   a - Irradiate                      Conjuration/Transmutation    5
   b - Statue Form                    Transmutation/Earth          6
   c - Hydra Form                     Transmutation                6
   d - Dragon Form                    Transmutation                7
Miscellaneous
 L - a fan of gales
Comestibles
 c - 2 bread rations
 d - 2 meat rations
 k - 2 royal jellies
 u - 2 chunks of flesh


   Skills:
 - Level 2.4 Dodging
 - Level 2.4 Stealth
 + Level 13.0 Spellcasting
 * Level 14.7 Conjurations
 * Level 15.0 Fire Magic


You had 25 spell levels left.
You knew the following spells:

 Your Spells              Type           Power        Failure   Level  Hunger
a - Flame Tongue          Conj/Fire      #####        1%          1    None
b - Conjure Flame         Conj/Fire      #######.     1%          3    None
c - Sticky Flame          Conj/Fire      #######.     1%          4    None
d - Fireball              Conj/Fire      #######...   1%          5    None


Dungeon Overview and Level Annotations

Branches:
Dungeon (15/15)              Lair (0/6) D:9             Orc (0/2) D:9
 Temple: D:4-7       Vaults: D:13-14     Depths: D:15

Altars:
Dithmenos
Makhleb
Nemelex Xobeh
Okawaru
Trog
Uskayaw
Vehumet
Beogh

Shops:
D:12 *

Annotations:
D:10 Gastronok, Urug
D:13 Azrael, Rupert


Innate Abilities, Weirdness & Mutations

You have sharp fingernails.
You are surrounded by a mild repulsion field. (EV +2)
You are agile. (Dex +2)
Your mind is acute. (Int +2)
Your body sometimes deteriorates upon taking damage.
Your muscles are strong. (Str +2)
Your spells are a little harder to cast, but a little more powerful.


Message History

Unknown command.
Azrael gestures at you.
The fireball explodes!
The fireball engulfs the hell hound.
The hell hound completely resists.
The fireball engulfs Azrael.
Azrael completely resists.
The fireball engulfs you! The hell hound bites you.
The hell hound barks! x2; You hear a shout!
Unknown command.
Unknown command.
Unknown command.
The hell hound breathes flames at you. The blast of flame misses you.
Unknown command.
Unknown command.
Unknown command.
A cyclops comes into view.
The cyclops throws a large rock.
The large rock hits you!!
Ouch! That really hurt!
* * * LOW HITPOINT WARNING * * *
The hell hound bites you.
You die...

#..§....#
#..§....#
###.......###
....§...§h.
#..E§§§E#
#..§§§§.# #
#§§E....# ..#
#.§h####.....
#..Rh@.......
########.....
...


C You could see Azrael, a cyclops, a fire elemental and 2 hell hounds.

Vanquished Creatures
  Kirke (D:12)
  A shadow dragon (D:14)
  Snorg (D:10)
  A hydra (D:14)
  3 centaur warriors
  A death yak (D:9)
  5 two-headed ogres
  An unseen horror (D:13)
  A deep elf mage (D:9)
  3 cyclopes
  2 manticores
  5 ugly things
  2 centaur zombies
  A gargoyle (D:14)
  A kobold demonologist (D:14)
  An efreet (D:14)
  4 trolls
  Grinder (D:3)
  2 hornets
  A merfolk (shapeshifter) (D:14)
  2 slime creatures (D:11)
  A harpy skeleton (D:15)
  2 hippogriffs
  A vampire (D:11)
  3 yaks (D:13)
  4 hogs (D:12)
  A wyvern (D:11)
  A hungry ghost (D:11)
  A steam dragon (D:8)
  A soldier ant (D:15)
  3 ice beasts
  15 orc warriors
  A phantom (D:5)
  A black bear (D:7)
  8 sky beasts
  A necrophage (D:7)
  5 centaurs
  4 ogres
  A big kobold (D:8)
  A wyvern zombie (D:6)
  10 bullfrogs
  2 scorpions (D:8)
  11 killer bees
  4 wights (D:11)
  3 crimson imps
  2 bullfrog skeletons
  A quasit (D:7)
  5 bullfrog zombies
  5 hounds
  A jelly (D:13)
  12 orc priests
  9 orc wizards
  Jessica (D:3)
  3 iguanas
  5 worker ants
  2 hell rats (D:9)
  3 hound skeletons
  A worker ant zombie (D:6)
  8 adders
  A shadow imp (D:8)
  2 oozes
  2 adder zombies
  2 adder skeletons
  A worm (D:2)
  3 dart slugs
  4 leopard geckos
  61 orcs
  4 bats
  3 giant cockroaches
  5 hobgoblins
  3 jackals (D:1)
  16 kobolds
  3 quokkas
  2 frilled lizards
  2 leopard gecko skeletons
  9 rats
306 creatures vanquished.

Notes
Turn   | Place    | Note
-------+----------+-------------------------------------------
     0 | D:1      | 4thArraOfDagon the Deep Elf Fire Elementalist began the quest for the Orb.
     0 | D:1      | Reached XP level 1. HP: 10/10 MP: 6/6
     0 | D:1      | Thaneod: jedna gra na 15 tun:P
     0 | D:1      | 4thArraOfDagon: defe moje ulubione combno xd
    27 | D:1      | Thaneod: czemu spellcasting tez?
    51 | D:1      | Thaneod: aha
    79 | D:1      | Thaneod: i graj raczej nie na tury bo death:P
    97 | D:1      | Reached XP level 2. HP: 15/15 MP: 2/8
   133 | D:3      | Thaneod: lvl 3
   159 | D:3      | 4thArraOfDagon: no normalnie gram xd
   215 | D:3      | Thaneod: ork cie zabije
   257 | D:3      | Noticed Jessica
   324 | D:3      | Killed Jessica
   324 | D:3      | Reached skill level 4 in Fire Magic
   324 | D:3      | Reached XP level 3. HP: 16/19 MP: 7/10
   334 | D:3      | Noticed Grinder
   348 | D:4      | Learned a level 3 spell: Conjure Flame
   386 | D:4      | 4thArraOfDagon: jest dobrze
   386 | D:4      | 4thArraOfDagon: chyba
   403 | D:4      | Reached XP level 4. HP: 24/24 MP: 5/11
   419 | D:4      | Learned a level 4 spell: Sticky Flame
   529 | D:5      | Entered Level 5 of the Dungeon
   537 | D:5      | Thaneod: makro na czary?
   568 | D:5      | 4thArraOfDagon: nie
   594 | D:5      | 4thArraOfDagon: to znaczy potem
   727 | D:6      | Thaneod: wciskasz z i enter po prostu szybko
   743 | D:6      | Reached XP level 5. HP: 11/28 MP: 1/13
   868 | D:7      | Noticed a necrophage
   874 | D:7      | Killed a necrophage
   874 | D:7      | Reached skill level 5 in Fire Magic
   874 | D:7      | Reached XP level 6. HP: 22/32 MP: 7/14
   896 | D:7      | Learned a level 5 spell: Fireball
   957 | D:7      | Reached skill level 5 in Spellcasting
   976 | D:7      | Found an iron altar of Okawaru.
   983 | D:7      | 4thArraOfDagon: eh
   985 | D:7      | Thaneod: lipa
  1011 | D:7      | Reached skill level 5 in Conjurations
  1064 | D:7      | Thaneod: pszczola to death
  1078 | D:7      | Reached skill level 6 in Fire Magic
  1078 | D:7      | Reached XP level 7. HP: 26/36 MP: 6/16
  1130 | D:7      | Thaneod: a nie lepiej zrobic raz puff of flame
  1172 | D:7      | Thaneod: i z trydenta napieprzac?
  1211 | D:7      | Thaneod: aha
  1226 | D:6      | Thaneod: i skąd wiesz gdzie jest temple:>?
  1353 | D:6      | 4thArraOfDagon: dajesz ctrl+o
  1353 | D:6      | 4thArraOfDagon: i pisze
  1353 | D:6      | 4thArraOfDagon: ze od d:4-7
  1353 | D:6      | 4thArraOfDagon: losowo
  1398 | D:6      | Reached skill level 7 in Fire Magic
  1402 | D:6      | Gained mutation: Armour fits poorly on your strangely shaped body. [mutagenic meat]
  1403 | D:6      | Lost mutation: Armour fits poorly on your strangely shaped body. [mutagenic meat]
  1404 | D:6      | Gained mutation: You have sharp fingernails. [mutagenic meat]
  1405 | D:6      | Gained mutation: You are surrounded by a mild repulsion field. (EV +2) [mutagenic meat]
  1406 | D:6      | Gained mutation: Your muscles are strong. (Str +2) [mutagenic meat]
  1407 | D:6      | Gained mutation: You are agile. (Dex +2) [mutagenic meat]
  1455 | D:6      | Thaneod: ładne mutki
  1470 | D:6      | Reached XP level 8. HP: 41/41 MP: 11/19
  1473 | D:6      | Gained mutation: Your body sometimes deteriorates upon taking damage. [mutagenic meat]
  1474 | D:6      | Gained mutation: Your spells are a little harder to cast, but a little more powerful. [mutagenic meat]
  1479 | D:6      | Gained mutation: Your mind is acute. (Int +2) [mutagenic meat]
  1498 | D:6      | 4thArraOfDagon: no
  1498 | D:6      | 4thArraOfDagon: fajne :)
  1519 | D:6      | Thaneod: wild magic
  1521 | D:6      | Thaneod: lvl 1?
  1613 | D:4      | Found a hide-covered altar of Uskayaw.
  1618 | D:4      | 4thArraOfDagon: ta
  1748 | D:5      | Reached skill level 8 in Fire Magic
  1771 | D:5      | Found a radiant altar of Vehumet.
  1772 | D:5      | Found a sparkling altar of Nemelex Xobeh.
  1773 | D:5      | Found a burning altar of Makhleb.
  1780 | D:5      | Became a worshipper of Vehumet
  1781 | D:5      | 4thArraOfDagon: jest
  2043 | D:3      | Killed Grinder
  2164 | D:2      | Found a radiant altar of Vehumet.
  2579 | D:2      | Thaneod: hah na d:2 tez byl behumet:0
  2584 | D:3      | murphy: hi
  2584 | D:3      | 4thArraOfDagon: :)
  2609 | D:4      | Thaneod: hola murphy
  2609 | D:4      | 4thArraOfDagon: hi
  2647 | D:4      | Reached * piety under Vehumet
  2647 | D:4      | Offered knowledge of Sandblast by Vehumet.
  2676 | D:4      | murphy: https://imgur.com/a/xTod0
  2685 | D:4      | murphy: so close to winning
  2685 | D:4      | Thaneod: !lg murphy
  2686 | D:4      | murphy: XD
  2686 | D:4      | beem: 1762. murphy the Geomancer (L9 FoEE of Fedhas), quit the game on D:7 on 2017-11-12 12:48:05, with 2116 points after 7521 turns and 0:48:11.
  2844 | D:6      | Thaneod: omg two titles!
  2918 | D:7      | Reached XP level 9. HP: 45/45 MP: 16/22
  2936 | D:7      | Reached skill level 9 in Fire Magic
  3024 | D:7      | murphy: two titles?
  3060 | D:7      | Thaneod: to bazzar?
  3140 | D:8      | murphy: no it was the exit
  3183 | D:8      | murphy: i was trying to escape from the dongeaon
  3189 | D:8      | Thaneod: ough:P
  3286 | D:8      | Offered knowledge of Searing Ray by Vehumet.
  3296 | D:8      | Reached ** piety under Vehumet
  3397 | D:9      | Noticed a two-headed ogre
  3401 | D:9      | murphy: do you know who zermako is? seems he is very bad player...
  3405 | D:9      | Killed a two-headed ogre
  3405 | D:9      | Reached skill level 10 in Fire Magic
  3471 | D:9      | murphy: ??zermako[9
  3473 | D:9      | beem: zermako[9/27]: bleeding is actually a weaker version of poison
  3483 | D:9      | murphy: ??zermako[10
  3486 | D:9      | beem: zermako[10/27]: [13:45] looks like Zermako finally got a character he can't kill :) [13:46] sigh
  3492 | D:9      | murphy: ??zermako[11
  3493 | D:9      | beem: zermako[11/27]: l - a +6,+5 ring of slaying (left hand)
                  | This is gonna be the one
                  | Zermako the Cudgeler (L4 DjFi), blasted by an orc priest (divine providence) on D:3, with 142 points after 1353 turns and 0:02:36.
  3494 | D:9      | murphy: ??zermako[12
  3494 | D:9      | beem: zermako[12/27]: 06:21 < Zermako> got ice form online
                  | 06:21 < BasementCat> Transmuters are not very hard to survive early
                  | 06:21 < Henzell> Zermako the Ruffian (L6 TrTm), killed by miscasting Ice Form on D:4 (bh_walls_and_bars), with 369 points after 2625 turns and 0:04:36.
  3504 | D:9      | murphy: ??zermako[13
  3505 | D:9      | beem: zermako[13/27]: nothing i could do, game cheated
  3521 | D:9      | murphy: ??zermako[14
  3524 | D:9      | beem: zermako[14/27]: all of her magic darts hit and none missed
  3526 | D:9      | Noticed a moth of wrath
  3529 | D:9      | Found a bloodstained altar of Trog.
  3560 | D:9      | Reached skill level 10 in Conjurations
  3561 | D:9      | Thaneod: game cheated...
  3567 | D:9      | Got a translucent granite ring
  3568 | D:9      | murphy: ALL OF HER MAGIC DARTS HIT!!!!
  3569 | D:9      | Identified the ring "Zajayf" {rC+ MR+ Dex+4} (You found it on level 9 of the Dungeon)
  3577 | D:9      | murphy: lol
  3635 | D:9      | Reached XP level 10. HP: 50/50 MP: 15/25
  3660 | D:9      | Found a staircase to the Orcish Mines.
  3675 | D:9      | Noticed a death yak
  3675 | D:9      | Noticed a deep elf mage
  3734 | D:9      | Noticed a two-headed ogre
  3746 | D:9      | Killed a two-headed ogre
  3798 | D:9      | Killed a deep elf mage
  3798 | D:9      | Offered knowledge of Ignite Poison by Vehumet.
  3798 | D:9      | Reached skill level 11 in Fire Magic
  3801 | D:9      | Noticed a death yak
  3825 | D:9      | Thaneod: run to the hills!
  3832 | D:9      | Noticed a death yak
  3838 | D:9      | Killed a death yak
  3983 | D:9      | Found a staircase to the Lair.
  4010 | D:8      | Thaneod: wand of paral?
  4080 | D:9      | Found a shadowy altar of Dithmenos.
  4119 | D:10     | Entered Level 10 of the Dungeon
  4121 | D:10     | Noticed Urug
  4167 | D:10     | Noticed Gastronok
  4200 | D:11     | Noticed a manticore
  4262 | D:10     | Reached skill level 10 in Spellcasting
  4293 | D:10     | Reached *** piety under Vehumet
  4318 | D:10     | Noticed Snorg
  4348 | D:10     | Killed Snorg
  4505 | D:11     | Reached XP level 11. HP: 52/54 MP: 17/27
  4522 | D:11     | Noticed a two-headed ogre
  4534 | D:11     | Reached skill level 12 in Fire Magic
  4535 | D:11     | Noticed a two-headed ogre
  4541 | D:11     | Killed a two-headed ogre
  4545 | D:11     | Killed a two-headed ogre
  4589 | D:11     | Offered knowledge of Fulminant Prism by Vehumet.
  5040 | D:12     | Noticed a two-headed ogre
  5049 | D:12     | Killed a two-headed ogre
  5049 | D:12     | Reached **** piety under Vehumet
  5053 | D:12     | Noticed a brown ugly thing
  5061 | D:12     | Killed a brown ugly thing
  5125 | D:11     | Offered knowledge of Bolt of Magma by Vehumet.
  5194 | D:12     | Reached skill level 13 in Fire Magic
  5221 | D:12     | Found Udweux's Demolitions Depot.
  5246 | D:12     | Thaneod: two manuals...
  5248 | D:12     | 4thArraOfDagon: have to acq gold asap :D
  5298 | D:12     | Noticed Kirke
  5303 | D:12     | Killed Kirke
  5442 | D:12     | murphy: which manuals have you bought?
  5504 | D:12     | Reached XP level 12. HP: 57/59 MP: 19/29
  5515 | D:12     | Thaneod: fireball max power>
  5537 | D:12     | Thaneod: dump char btw
  5538 | D:12     | Reached ***** piety under Vehumet
  5551 | D:12     | Offered knowledge of Lightning Bolt by Vehumet.
  5563 | D:12     | Found a roughly hewn altar of Beogh.
  5756 | D:13     | Thaneod: statue form?
  5792 | D:14     | 4thArraOfDagon: no need now
  5792 | D:14     | 4thArraOfDagon: these defenses are good :D
  5817 | D:15     | Entered Level 15 of the Dungeon
  5899 | D:15     | Got a faintly glowing hand axe
  5900 | D:15     | Identified the +2 hand axe of World's End {pain, *Contam rN++ Str+2 Stlth+} (You found it on level 15 of the Dungeon)
  5938 | D:15     | Noticed a centaur warrior
  5949 | D:15     | Thaneod: no dodging/ figthing?
  6000 | D:14     | 4thArraOfDagon: naa, glass cannon style
  6061 | D:14     | Reached skill level 14 in Fire Magic
  6124 | D:13     | Noticed Rupert
  6153 | D:14     | Thaneod: ?? Rupert
  6155 | D:14     | beem: rupert[1/1]: Not a crusader. Will "look more energetic" 2 turns after his berserk wears off (and promptly zerk again). Spells: paralyse, confuse, berserker rage. Is generated with a good two-handed weapon. For laughs, watch: "!lg * mfre killer=rupert 1 -tv:<0.5" or "!lg * kewn killer=rupert 1 -tv:<0.5".
  6158 | D:15     | Noticed a centaur warrior
  6160 | D:15     | Killed a centaur warrior
  6321 | D:14     | Thaneod: path like napalm
  6337 | D:14     | Noticed a centaur warrior
  6343 | D:14     | Killed a centaur warrior
  6352 | D:14     | Noticed a shadow dragon
  6352 | D:14     | 4thArraOfDagon: ohh
  6360 | D:14     | Killed a shadow dragon
  6389 | D:14     | Noticed a four-headed hydra
  6392 | D:14     | Killed a four-headed hydra
  6421 | D:14     | Thaneod: wand of?
  6425 | D:14     | Noticed a storm dragon
  6431 | D:14     | Thaneod: and how many evo?
  6439 | D:14     | Noticed a crystal guardian
  6458 | D:14     | Noticed a centaur warrior
  6461 | D:14     | Killed a centaur warrior
  6464 | D:14     | murphy: never seen this vault before
  6466 | D:14     | Noticed a spark wasp
  6466 | D:14     | a tyrant leech changed into a spark wasp
  6525 | D:14     | Reached skill level 15 in Fire Magic
  6525 | D:14     | Reached XP level 13. HP: 58/63 MP: 12/32
  6651 | D:13     | Noticed Azrael
  6655 | D:13     | HP: 2/63 [cyclops/large rock (33)]
  6655 | D:13     | Slain by a hell hound

Vault maps used:
D:1:      mrwooster_arrival_statue
D:2:      lemuel_tele_altar
D:3:      nemelex_lonely_heart_becter, uniq_jessica, uniq_grinder, uniq_robin
D:4:      lemuel_doored_altar, serial_curves, eino_curves_02, eino_curves_01,
          uniq_sigmund
D:5:      grunt_temple_overflow_open, first_bread
D:6:      minmay_temple_entry_poolview
D:7:      old_standard_altar
D:8:      the_bakery, hangedman_abyss_or_decor_clamps
D:9:      grunt_dithmenos_smoke_and_mirrors, tgw_trog, dpeg_lair_monsters,
          orc_0_dummy
D:10:     hangedman_abyss_or_decor_stabs, uniq_urug, uniq_snorg, uniq_gastronok
D:12:     special_room, library_closet, kb_lookout_dungeons_type,
          nicolae_blasting_shop, uniq_kirke
D:13:     lightli_vaults_fourway_checkpoint, uniq_rupert, uniq_frances,
          uniq_azrael
D:14:     minmay_box_of_curves
D:15:     hangedman_depths_entry_try_elsewhere_first, lightli_corner_chamber

Skill      XL: |  1  2  3  4  5  6  7  8  9 10 11 12 |
---------------+-------------------------------------+-----
Conjurations   | 2 3 4 5 6 8 10 11 13 14 | 14.7
Fire Magic     | 4 5 6 7 8 10 11 13 15 | 15.0
Spellcasting   | 4 5 6 7 9 10 11 13 | 13.0
Dodging        | |  2.4
Stealth        | |  2.4

Action                   |  1- 3 |  4- 6 |  7- 9 | 10-12 | 13-15 || total
-------------------------+-------+-------+-------+-------+-------++-------
Melee: Dagger            |     8 |    12 |       |       |       ||    20
       Trident           |       |    21 |    54 |    79 |       ||   154
       Rapier            |       |       |       |    87 |       ||    87
       Hand axe          |       |       |       |    18 |     2 ||    20
       Battleaxe         |       |       |       |     7 |       ||     7
 Cast: Flame Tongue      |    25 |    34 |   118 |    90 |       ||   267
       Sticky Flame      |       |     9 |    29 |    56 |     1 ||    95
       Conjure Flame     |       |     3 |     5 |    21 |       ||    29
       Fireball          |       |       |    13 |    77 |     4 ||    94
Evoke: Wand              |       |       |     2 |     7 |       ||     9
  Use: Scroll            |     3 |     7 |     5 |     9 |     2 ||    26
       Potion            |       |     1 |       |     2 |       ||     3
 Stab: Paralysed         |       |       |       |     6 |       ||     6
       Sleeping          |       |       |       |     2 |       ||     2
  Eat: Fruit             |     1 |       |     8 |     4 |       ||    13
       Chunk             |       |     1 |    16 |     7 |       ||    24
       Royal jelly       |       |       |     1 |     2 |     1 ||     4
Armor: Skin              |       |    12 |       |       |       ||    12
       Robe              |       |    13 |     3 |     5 |       ||    21
       Ring mail         |       |       |    36 |    28 |       ||    64
       Troll leather arm |       |       |       |    40 |       ||    40
Dodge: Dodged            |    13 |    37 |    75 |   189 |     2 ||   316

Table legend:
 A = Spawn XP
 B = Non-spawn XP
 C = Spawn XP percentage of total XP
 D = Spawn monster count
 E = Non-spawn monster count
 F = Spawn count percentage of total count
 G = Total turns spent on level
                    A         B        C        D         E        F      G
               +---------+---------+-------+---------+---------+-------+---------
         Total |       0 |   38919 |   0.0 |       0 |     306 |   0.0 |  6655
               +---------+---------+-------+---------+---------+-------+---------
           D:1 |       0 |      34 |   0.0 |       0 |      17 |   0.0 |   304
           D:2 |       0 |      37 |   0.0 |       0 |      10 |   0.0 |   270
           D:3 |       0 |     364 |   0.0 |       0 |      10 |   0.0 |   405
           D:4 |       0 |     204 |   0.0 |       0 |      12 |   0.0 |   445
           D:5 |       0 |     673 |   0.0 |       0 |      19 |   0.0 |   439
           D:6 |       0 |     830 |   0.0 |       0 |      22 |   0.0 |   555
           D:7 |       0 |    1388 |   0.0 |       0 |      24 |   0.0 |   691
           D:8 |       0 |     721 |   0.0 |       0 |      20 |   0.0 |   336
           D:9 |       0 |    4195 |   0.0 |       0 |      33 |   0.0 |   674
          D:10 |       0 |    1502 |   0.0 |       0 |       5 |   0.0 |   198
          D:11 |       0 |    5453 |   0.0 |       0 |      39 |   0.0 |   799
          D:12 |       0 |    6587 |   0.0 |       0 |      47 |   0.0 |   612
          D:13 |       0 |    2665 |   0.0 |       0 |      14 |   0.0 |   117
          D:14 |       0 |    8989 |   0.0 |       0 |      21 |   0.0 |   498
          D:15 |       0 |    5277 |   0.0 |       0 |      13 |   0.0 |   312
               +---------+---------+-------+---------+---------+-------+---------
